 Dungeon Crawl Stone Soup version 0.24.0-29-g8ce449bc06 (webtiles) character file.

Game seed: 16705411070432475115, levelgen mode: deterministic

2184 night the Reanimator (level 9, -4/82 HPs)
             Began as a Deep Dwarf Necromancer on Nov 13, 2019.
             Was an Initiate of Makhleb.
             Slain by a yak (11 damage)
             ... on level 8 of the Dungeon.
             The game lasted 00:34:14 (8036 turns).

night the Reanimator (Deep Dwarf Necromancer)       Turns: 8036, Time: 00:34:14

Health: -4/82      AC:  5    Str: 11    XL:     9   Next: 11%
Magic:  3/17       EV: 12    Int: 20    God:    Makhleb [......]
Gold:   377        SH:  0    Dex: 13    Spells: 16/20 levels left

rFire    . . .     SeeInvis .   o - +0 dagger (vamp)
rCold    . . .     Gourm    .   (no shield)
rNeg     . . .     Faith    .   a - +0 robe
rPois    .         Spirit   .   h - +0 helmet
rElec    .         Reflect  .   i - +0 cloak
rCorr    .         Harm     .   (no gloves)
MR       +....                  E - +0 pair of boots
Stlth    +++.......             A - amulet of the acrobat
HPRegen  0.00/turn              y - ring of stealth
MPRegen  0.15/turn              (no ring)

@: lethally poisoned (-4 -> -4), about to teleport, non-regenerating
A: damage resistance, heal wounds, sense surroundings 2, no regeneration
a: Heal Wounds, Renounce Religion


You were on level 8 of the Dungeon.
You worshipped Makhleb.
Makhleb was noncommittal.
You were not hungry.

You visited 2 branches of the dungeon, and saw 9 of its levels.

You collected 377 gold pieces.

Inventory:

Hand Weapons
 e - a +0 dagger
 o - a +0 vampiric dagger (weapon)
 F - a +0 quarterstaff
 G - the +1 scimitar of Disarray {flame, +Blink Int+2 Dex+2}
   (You found it on level 7 of the Dungeon)

   It has been specially enchanted to burn those struck by it, causing extra
   injury to most foes and up to half again as much damage against particularly
   susceptible opponents.
   Big, fiery blades are also staple armaments of hydra-hunters.
   It affects your intelligence (+2).
   It affects your dexterity (+2).
   It lets you blink.
 H - a +0 longbow
Missiles
 f - 41 bolts
 J - 2 javelins (quivered)
Armour
 a - a +0 robe (worn)
 h - a +0 helmet (worn)
 i - a +0 cloak (worn)
 E - a +0 pair of boots (worn)
Magical Staves
 s - an uncursed staff of wizardry
Jewellery
 n - a +3 amulet of reflection
 p - an uncursed amulet of the gourmand
 y - a ring of stealth (left hand)
 z - a +4 amulet of reflection
 A - an amulet of the acrobat (around neck)
 L - an uncursed amulet of guardian spirit
Scrolls
 b - 3 scrolls of teleportation
 d - 6 scrolls of identify
 g - a scroll of immolation
 j - a scroll of fear
 k - 2 scrolls of amnesia
 r - 3 scrolls of remove curse
 D - a scroll of fog {unknown}
 I - a scroll of silence {unknown}
 K - a scroll of holy word {unknown}
Potions
 l - 2 potions of berserk rage {unknown}
 m - 2 potions of heal wounds
 q - a potion of might {unknown}
 t - a potion of curing {unknown}
 u - a potion of resistance {unknown}
 v - 2 potions of haste {unknown}
 w - 3 potions of flight {unknown}
 x - a potion of lignification {unknown}
 C - 3 potions of cancellation {unknown}
Comestibles
 c - 6 rations


   Skills:
 + Level 5.8 Fighting
 - Level 2.1 Dodging
 - Level 2.4 Stealth
 + Level 6.2 Spellcasting
 + Level 9.1 Necromancy


You had 16 spell levels left.
You knew the following spells:

 Your Spells              Type           Power        Failure   Level  Hunger
a - Pain                  Necr           ####         1%          1    None
b - Vampiric Draining     Necr           #####.....   1%          3    ##.....

Your spell library contained the following spells:

 Spells                   Type           Power        Failure   Level  Hunger
 Animate Skeleton         Necr           N/A          1%          1    None
 Animate Dead             Necr           N/A          2%          4    ####...
 Regeneration             Chrm/Necr      Unusable     N/A         3    N/A

Dungeon Overview and Level Annotations

Branches:
Dungeon (8/15)             Temple (1/1) D:7
   Lair: D:8-11

Altars:
Ashenzari
Cheibriados
Dithmenos
Elyvilon
Fedhas
Gozag
Hepliaklqana
Kikubaaqudgha
Makhleb
Nemelex Xobeh
Okawaru
Qazlal
Ru
Sif Muna
Trog
Uskayaw
Vehumet
Wu Jian
Yredelemnul
Zin
The Shining One

Shops:
D:4 }


Innate Abilities, Weirdness & Mutations

You are resistant to damage.
You can heal yourself by infusing magical energy.
You passively map the area around you.
You do not regenerate.


Message History

You hear an angry hiss.
Casting: Vampiric Draining (safe; 1% risk of failure)
Confirm with . or Enter, or press ? or * to list all spells.
Aiming: Vampiric Draining (safe; 1% risk of failure)
Press: ? - help, Shift-Dir - straight line, f/p - yak
Aim: a yak (severely wounded)
You kill the yak!
Makhleb accepts your kill.
You feel life coursing into your body. The adder bites you but does no damage.
The yak barely misses you.
You hit the adder.
The adder is moderately wounded.
The adder bites you.
You are poisoned.
The adder poisons you! The yak gores you!
* * * LOW HITPOINT WARNING * * *
The yak misses you.
As you read the scroll of teleportation, it crumbles to dust.
You feel strangely unstable. The adder barely misses you. The yak gores you!
You die...

, , * , , ,,,,, , ,
........ .....
.a.....##......, *
,Y.S...........## ,*
* ..?..<.........##
..............## , *
,,...#......#... ,
**######..#.........
, #@YY....##.....#..
* #SYY..............
* *
#.................
#######.#......... *
, #........... *
###.....<... , * **
#.....#..## , , , *
* #.....#.... * , ,
, , ,, #..........


You could see 4 yaks and an adder.

Vanquished Creatures
  A yak (D:8)
  An orc warrior (D:7)
  2 phantoms (D:7)
  2 ogres
  An ice beast (D:6)
  3 bullfrogs (D:6)
  2 scorpions
  5 killer bees (D:6)
  A howler monkey (D:5)
  2 crimson imps (D:6)
  A centaur skeleton (D:4)
  3 hounds
  A gnoll shaman (D:4)
  3 orc priests
  2 bullfrog skeletons (D:6)
  2 orc wizards
  An iguana (D:6)
  Natasha (thrice) (D:3)
  5 worker ants
  A hound skeleton (D:6)
  12 gnolls
  8 adders
  A shadow imp (D:7)
  An ooze (D:6)
  2 worms
  2 dart slugs
  A leopard gecko (D:6)
  20 orcs
  A ball python (D:1)
  2 giant cockroaches
  10 goblins
  9 hobgoblins
  3 quokkas
  6 bats
  3 frilled lizards
  9 kobolds
  A quokka skeleton (D:4)
  6 rats
139 creatures vanquished.

Vanquished Creatures (collateral kills)
  A hungry ghost (D:7)
1 creature vanquished.

Grand Total: 140 creatures vanquished

Notes
Turn   | Place    | Note
-------+----------+-------------------------------------------
     0 | D:1      | night the Deep Dwarf Necromancer began the quest for the
                  | Orb.
     0 | D:1      | Reached XP level 1. HP: 15/15 MP: 3/3
   182 | D:1      | Reached XP level 2. HP: 19/22 MP: 1/5
   876 | D:2      | Reached skill level 5 in Necromancy
   886 | D:2      | Reached XP level 3. HP: 22/28 MP: 3/6
   894 | D:2      | Learned a level 3 spell: Vampiric Draining
  1377 | D:2      | Reached XP level 4. HP: 29/36 MP: 1/8
  1547 | D:3      | Noticed Natasha
  1634 | D:3      | Killed Natasha
  1634 | D:3      | Reached skill level 1 in Fighting
  1661 | D:3      | Noticed Natasha
  1680 | D:3      | Killed Natasha
  1680 | D:3      | Reached XP level 5. HP: 11/44 MP: 1/9
  1698 | D:3      | Noticed Natasha
  1807 | D:3      | Killed Natasha
  2242 | D:3      | Found an iron altar of Okawaru.
  2691 | D:4      | Reached skill level 6 in Necromancy
  2764 | D:4      | Found a stormy altar of Qazlal.
  2833 | D:4      | Reached XP level 6. HP: 26/52 MP: 0/11
  3095 | D:4      | Found a shattered altar of Ashenzari.
  3192 | D:4      | Found Ibodid's Gadget Emporium.
  3469 | D:4      | Reached XP level 7. HP: 51/62 MP: 1/13
  3726 | D:5      | Entered Level 5 of the Dungeon
  3850 | D:6      | Reached skill level 7 in Necromancy
  4741 | D:6      | Reached skill level 5 in Spellcasting
  4741 | D:6      | Reached XP level 8. HP: 64/72 MP: 1/15
  5047 | D:6      | Reached skill level 8 in Necromancy
  5729 | D:6      | Reached skill level 5 in Fighting
  6554 | D:7      | Got a steaming scimitar
  6555 | D:7      | Identified the +1 scimitar of Disarray {flame, +Blink Int+2
                  | Dex+2} (You found it on level 7 of the Dungeon)
  6742 | D:7      | Found a sacrificial altar of Ru.
  6849 | D:7      | Found a staircase to the Ecumenical Temple.
  6859 | Temple   | Entered the Ecumenical Temple
  7657 | D:7      | Paralysed by fainting for 10 turns
  7738 | D:7      | Reached skill level 9 in Necromancy
  7738 | D:7      | Gained mutation: You passively map the area around you.
                  | [Deep Dwarf growth]
  7738 | D:7      | Reached XP level 9. HP: 11/82 MP: 17/17
  7779 | D:7      | Found a burning altar of Makhleb.
  7782 | D:7      | Became a worshipper of Makhleb the Destroyer
  8036 | D:8      | Slain by a yak

Levels and vault maps discovered:
D:1:      scummos_arrival_simple_crosswalls, layout_rooms
D:2:      layout_rooms, first_ration, kennysheep_nub
D:3:      layout_rooms, kennysheep_okawaru_gauntlet, serial_bayou_ford_a,
          uniq_natasha
D:4:      layout_rooms, grunt_qazlal_clouds, overflow_temple_1_default,
          serial_shops, nicolae_shop_waterfront, minmay_vboxes
D:5:      layout_cave_pools, serial_shops, nicolae_shop_statue_plus
D:6:      layout_loops_ring
D:7:      layout_layer_cave, hangedman_ru_absence, kennysheep_mini,
          minmay_temple_entry_sparse_star, grunt_decor_arrowhead
D:8:      hangedman_cross_veins, layout_rooms, xom_teletrap_fun
Temple:   eino_temple_rhombus

Skill      XL: |  1  2  3  4  5  6  7  8 |
---------------+-------------------------+-----
Spellcasting   | 2 3 4 5 6 |  6.2
Necromancy     | 5 6 7 9 |  9.1
Fighting       | 1 2 3 4 5 |  5.8
Dodging        | |  2.1
Stealth        | |  2.4

Action                   |  1- 3 |  4- 6 |  7- 9 || total
-------------------------+-------+-------+-------++-------
Melee: Dagger            |    38 |    91 |   244 ||   373
       Scimitar          |       |       |    54 ||    54
       Quarterstaff      |       |       |    52 ||    52
Throw: Javelin           |       |     6 |     9 ||    15
 Cast: Pain              |    56 |    31 |    36 ||   123
       Vampiric Draining |     7 |    41 |    61 ||   109
 Abil: Heal Wounds       |       |       |     2 ||     2
Evoke: Wand              |       |       |     5 ||     5
  Use: Scroll            |       |     8 |     2 ||    10
 Stab: Sleeping          |     1 |     2 |     1 ||     4
       Confused          |       |       |     2 ||     2
       Distracted        |       |       |     1 ||     1
  Eat: Chunk             |     3 |    10 |     9 ||    22
       Ration            |       |       |     5 ||     5
Armor: Robe              |    10 |    10 |    99 ||   119
Dodge: Dodged            |    26 |    71 |   274 ||   371
       Rpst.: Scimitar   |       |       |    16 ||    16
